 Dungeon Crawl Stone Soup version 0.17.1-3-g152610e (webtiles) character file.

1066 Goblin1989 the Ruffian (level 8, -2/56 HPs)
             Began as a Demonspawn Gladiator on Mar 12, 2016.
             Slain by an orc warrior
             ... wielding a +0 glaive
              (15 damage)
             ... on level 5 of the Dungeon.
             The game lasted 00:17:49 (6548 turns).

Goblin1989 the Ruffian (Demonspawn Gladiator)       Turns: 6548, Time: 00:17:49

Health: -2/56      AC:  9    Str: 18    XL:     8   Next: 7%
Magic:  0/8        EV: 16    Int: 10    God:
Gold:   266        SH:  0    Dex: 22    Spells: 0 memorised, 7 levels left

rFire  . . .     SeeInvis .     a - +0 trident
rCold  + . .     Clarity  .     j - +0 scale mail
rNeg   . . .     SustAt   .     (no shield)
rPois  .         Gourm    .     c - +0 helmet
rElec  .         Spirit   +     (no cloak)
rCorr  .         Warding  .     A - +0 pair of gloves
rMut   .         Stasis   .     i - +0 pair of boots (curse)
MR     .....                    (no amulet)
Stlth  +++.......               (no ring)
                                g - ring of protection from cold

@: agile, very slightly contaminated, hasted, very quick, not resistant to
hostile enchantments, fairly stealthy
A: claws 1, thin skeletal structure 2, powered by death 1, magic shield, magic
regeneration
a: no special abilities


You were on level 5 of the Dungeon.
You were hungry.

You visited 1 branch of the dungeon, and saw 6 of its levels.

You collected 266 gold pieces.

Inventory:

Hand Weapons
 a - a +0 trident (weapon)
 w - a +0 blowgun
Missiles
 d - 3 throwing nets (quivered)
 x - 30 poisoned needles
Armour
 c - a +0 helmet (worn)
 i - a cursed +0 pair of boots (worn)
 j - a +0 scale mail (worn)
 A - a +0 pair of gloves (worn)
Jewellery
 g - a ring of protection from cold (left hand)
 n - a cursed ring of loudness {unknown}
 p - a cursed ring of teleportation {unknown}
Wands
 o - a wand of magic darts (29)
Scrolls
 b - 3 scrolls of immolation {unknown}
 f - 2 scrolls of teleportation {unknown}
 q - 7 scrolls of remove curse {unknown}
 t - 7 scrolls of identify {unknown}
 u - 3 scrolls of magic mapping {unknown}
 v - a scroll of amnesia {unknown}
 y - a scroll of fog {unknown}
 B - 2 scrolls of enchant weapon {unknown}
 E - a scroll of random uselessness {unknown}
 F - a scroll of noise {unknown}
 G - a scroll of enchant armour {unknown}
Potions
 l - 2 potions of agility
 m - 2 potions of curing
 r - 2 potions of lignification
 z - 2 potions of degeneration {unknown}
 C - a potion of mutation {unknown}
 D - 2 potions of heal wounds {unknown}
 I - a potion of poison {unknown}
 K - a potion of brilliance
Comestibles
 e - 6 bread rations
 h - 4 meat rations
 k - 2 beef jerkies
 H - 3 fruits


   Skills:
 - Level 2.0 Fighting
 - Level 5.2 Polearms
 - Level 1.7 Throwing
 - Level 2.6 Dodging
 * Level 7.2 Unarmed Combat


You had 7 spell levels left.
You didn't know any spells.

Dungeon Overview and Level Annotations

Branches:
Dungeon (6/15)
 Temple: D:4-7

Altars:
Fedhas
Vehumet
Xom
Zin


Innate Abilities, Weirdness & Mutations

You have sharp fingernails.
You have a moderately thin skeletal structure (Dex +4, Stealth+).
You regenerate a little health from kills.
When hurt, damage is shared between your health and your magic reserves.
You regenerate magic rapidly.


Message History

The orc warrior is moderately wounded.
The orc warrior hits you with a glaive!
You completely miss the orc warrior.
The orc warrior is moderately wounded.
The orc completely misses you.
You hit the orc warrior.
The orc warrior is heavily wounded.
The orc warrior hits you with a glaive!
* * * LOW HITPOINT WARNING * * *
The orc priest looks braver for a moment.
The orc barely misses you.
You climb upwards.
There is a stone staircase leading down here.
You puncture the orc warrior!
The orc warrior is severely wounded.
The orc completely misses you.
You hit the orc warrior.
The orc warrior is almost dead.
The orc warrior hits you with a glaive!!
You die...

#............# #####.###
#.#####.##...# #.# #.#
#.##.#.#########.### #.#
#.##................ #.#
#.##...##.####.#.##. #.#
#.#.......####.#.##. #.#
#......##.##......#. #.#
###..#.##.##........ #.#
#@o............... #.#
#o##.##.##.......# #.#
#.##.##.##......##
#.#######.......#########
#............####
##############


You could see an orc warrior and an orc.

Vanquished Creatures
  An ice beast (D:5)
  A phantom (D:5)
  A sky beast (D:6)
  A giant frog (D:5)
  An ogre (D:4)
  3 scorpions
  The ghost of kaze the Skirmisher, a weakling GrBe of Trog (D:4)
  2 orc priests
  2 hounds (D:5)
  An orc wizard (D:6)
  3 worker ants
  An iguana (D:5)
  A hound skeleton (D:4)
  A worker ant zombie (D:5)
  5 adders
  A shadow imp (D:5)
  An ooze (D:1)
  An adder skeleton (D:5)
  An adder zombie (D:6)
  A worm (D:4)
  3 giant geckos
  20 orcs
  A ball python (D:5)
  6 giant cockroaches
  12 hobgoblins
  16 jackals
  6 kobolds
  3 quokkas
  9 bats
  7 giant newts
  9 goblins
  2 quokka skeletons (D:4)
  13 rats
137 creatures vanquished.

Notes
Turn   | Place    | Note
--------------------------------------------------------------
     0 | D:1      | Goblin1989 the Demonspawn Gladiator began the quest for the Orb.
     0 | D:1      | Reached XP level 1. HP: 16/16 MP: 1/1
    87 | D:1      | Reached skill level 3 in Polearms
   229 | D:1      | Gained mutation: When hurt, damage is shared between your health and your magic reserves. [demonic ancestry]
   229 | D:1      | Reached XP level 2. HP: 19/22 MP: 2/2
   920 | D:2      | Reached XP level 3. HP: 27/27 MP: 3/3
  1228 | D:2      | Reached skill level 4 in Polearms
  1620 | D:3      | Found a radiant altar of Vehumet.
  1650 | D:3      | Gained mutation: You regenerate magic rapidly. [demonic ancestry]
  1650 | D:3      | Reached XP level 4. HP: 28/33 MP: 4/4
  2088 | D:3      | Noticed an angel
  2089 | D:3      | Found a glowing silver altar of Zin.
  2098 | D:3      | Found a shimmering altar of Xom.
  2577 | D:3      | Reached skill level 5 in Polearms
  2587 | D:3      | Gained mutation: You have sharp fingernails. [demonic ancestry]
  2587 | D:3      | Reached XP level 5. HP: 18/38 MP: 2/5
  3005 | D:4      | Noticed kaze's ghost (weakling GrBe)
  3030 | D:3      | Reached skill level 1 in Unarmed Combat
  3274 | D:4      | Found a blossoming altar of Fedhas.
  3535 | D:4      | Killed kaze's ghost
  3855 | D:4      | Gained mutation: You have a somewhat thin skeletal structure (Dex +2, Stealth). [demonic ancestry]
  3855 | D:4      | Reached XP level 6. HP: 24/44 MP: 4/6
  4107 | D:4      | Noticed an ogre
  4114 | D:4      | Killed an ogre
  4451 | D:5      | Entered Level 5 of the Dungeon
  4813 | D:5      | Reached skill level 5 in Unarmed Combat
  4813 | D:5      | Gained mutation: You have a moderately thin skeletal structure (Dex +4, Stealth+). [demonic ancestry]
  4813 | D:5      | Reached XP level 7. HP: 25/50 MP: 7/7
  5503 | D:5      | Reached skill level 6 in Unarmed Combat
  6385 | D:6      | Reached skill level 7 in Unarmed Combat
  6385 | D:6      | Gained mutation: You regenerate a little health from kills. [demonic ancestry]
  6385 | D:6      | Reached XP level 8. HP: 47/56 MP: 6/8
  6548 | D:5      | Slain by an orc warrior

Action                   |  1- 3 |  4- 6 |  7- 9 || total
-------------------------+-------+-------+-------++-------
Melee: Trident           |   129 |   337 |   159 ||   625
  Use: Potion            |       |     4 |     3 ||     7
 Stab: Invisible         |       |     7 |       ||     7
       Sleeping          |       |       |     1 ||     1
  Eat: Chunk             |     2 |     6 |     4 ||    12
       Royal jelly       |       |     1 |       ||     1
       Pizza             |       |     1 |       ||     1
       Fruit             |       |       |     3 ||     3
